 Dungeon Crawl Stone Soup version 0.23-a0-713-ge59bbb1 (webtiles) character file.

3 DrEnzyme the Covered (level 1, 0/17 HPs)
             Began as a Mummy Wanderer on Jan 15, 2019.
             Slain by a hobgoblin
             ... wielding a +0 club
              (3 damage)
             ... on level 1 of the Dungeon.
             The game lasted 00:00:36 (68 turns).

DrEnzyme the Covered (Mummy Wanderer)                 Turns: 68, Time: 00:00:36

Health: 0/17       AC:  5    Str: 15    XL:     1   Next: 41%
Magic:  1/1        EV: 11    Int:  9    God:
Gold:   0          SH:  0    Dex: 13    Spells: 0/0 levels left

rFire    x . .     SeeInvis .   e - +0 club
rCold    + . .     Gourm    .   (no shield)
rNeg     + + +     Faith    .   c - +0 ring mail
rPois    ∞         Spirit   .   (no helmet)
rElec    .         Reflect  .   (no cloak)
rCorr    .         Harm     .   (no gloves)
MR       .....                  (no boots)
Stlth    +.........             (no amulet)
HPRegen  0.05/turn              (no ring)
MPRegen  0.07/turn              (no ring)

@: no status effects
A: no food or potions, fire vulnerability, cold resistance 1, negative energy
resistance 3, torment resistance, unbreathing
a: no special abilities


You were on level 1 of the Dungeon.
You were not hungry.

You visited 1 branch of the dungeon, and saw 1 of its levels.

Inventory:

Hand Weapons
 e - a +0 club (weapon)
Missiles
 b - 4 throwing nets (quivered)
Armour
 a - a +0 leather armour
 c - a +0 ring mail (worn)
Wands
 d - a wand of random effects (14)


   Skills:
 + Level 2.3 Fighting
   Level 1.0 Bows
 - Level 1.0 Throwing
 - Level 2.4 Armour
 - Level 1.5 Dodging
 - Level 1.0 Evocations


You couldn't memorise any spells.
You didn't know any spells.
Your spell library was empty.

Dungeon Overview and Level Annotations

Branches:
Dungeon (1/15)

Altars:


Innate Abilities, Weirdness & Mutations

You do not eat or drink.
Your flesh is vulnerable to fire.
You are immune to poison.
Your flesh is cold resistant. (rC+)
You are immune to negative energy. (rN+++)
You are immune to unholy pain and torment.
You can survive without breathing.


Message History

The jackal closely misses you.
You closely miss the jackal. The jackal bites you. The hobgoblin misses you.
The jackal bites you but does no damage.
You hit the jackal but do no damage. The jackal barely misses you.
The hobgoblin hits you but does no damage.
The jackal closely misses you. The hobgoblin closely misses you.
You hit the jackal but do no damage. The jackal closely misses you.
The jackal barely misses you. The hobgoblin hits you with a +0 club.
* * * LOW HITPOINT WARNING * * *
You closely miss the jackal. The jackal barely misses you.
The hobgoblin hits you but does no damage.
The jackal bites you but does no damage.
The jackal barely misses you.
You see here a rat corpse.
Evoke which item? (* to show all) (? for menu, Esc to quit)
Aiming: Random Effects
Press: ? - help, Shift-Dir - straight line, f - hobgoblin
Aim: a hobgoblin, wielding a +0 club The hobgoblin seems to speed up.
The hobgoblin hits you with a +0 club.
You die...

.g.........# ..........#
#.......... #..........
#.......# ####†..#####
#####............
####...g............
####.....@h..........[.
###.................#####
##.............#######
##........#######
##.....##### ##...####
#<.### ####


You could see a jackal and a hobgoblin.

Vanquished Creatures
  2 jackals (D:1)
  A rat (D:1)
3 creatures vanquished.

Notes
Turn   | Place    | Note
-------+----------+-------------------------------------------
     0 | D:1      | DrEnzyme the Mummy Wanderer began the quest for the Orb.
     0 | D:1      | DrEnzyme set off with the following items: a +0 leather
                  | armour, 4 throwing nets, a +0 ring mail, a wand of random
                  | effects (15), a +0 club
     0 | D:1      | Reached XP level 1. HP: 16/16 MP: 1/1
    68 | D:1      | Slain by a hobgoblin

Vault maps used:
D:1:      eino_arrival_cavern_c, minmay_cupped

Action                   || total
-------------------------++-------
Melee: Club              ||    16
Evoke: Wand              ||     1
Armor: Ring mail         ||    12
Dodge: Dodged            ||    30

Table legend:
 A = Non-vault XP
 B = Vault XP
 C = Vault XP percentage of total XP
 D = Non-vault monster count
 E = Vault monster count
 F = Vault count percentage of total count
                 A         B        C        D         E       F
            +---------+---------+-------+---------+---------+-------
      Total |       5 |       0 |   0.0 |       3 |       0 |   0.0
            +---------+---------+-------+---------+---------+-------
        D:1 |       5 |       0 |   0.0 |       3 |       0 |   0.0
            +---------+---------+-------+---------+---------+-------
